Map: Blackpink LE

Players

Bushido

  • Race: Zerg Zerg
  • Spawn Location: 7:00

Digitalhelix - Winner!

  • Race: Protoss Protoss
  • League: Gold
  • Spawn Location: 1:00

VOD

Have the link to the VOD?

Description

Time

  • Played on: April 27, 2018, 10:20 p.m.
  • Length: 17:03
Show
View Real Time Build Order
Export as new Build Order

Bushido Zerg 

Build Orders: Hatch First 

Get SALT Encoding   

  12  0:01  Drone  
  13  0:14  Overlord  
  13  0:19  Drone  
  14  0:32  Drone x2  
  16  0:40  Drone  
  17  0:55  Hatchery  
  16  1:00  Drone  
  17  1:13  Spawning Pool  
  17  1:18  Drone  
  17  1:32  Extractor, Drone x3  
  19  1:43  Overlord  
  19  1:58  Drone  
  19  2:00  Queen  
  22  2:08  Drone x2  
  24  2:16  Queen  
  24  2:18  Drone x2  
  28  2:36  Hatchery  
  27  2:44  Drone x4  
  27  2:49  Overlord  
  31  3:01  Metabolic Boost  
  31  3:10  Drone x4  
  35  3:16  Drone x3  
  35  3:17  Drone  
  39  3:20  Extractor  
  39  3:23  Overlord  
  38  3:33  Drone x2  
  40  3:38  Drone x3  
  43  3:48  Spore Crawler x2  
  42  3:51  Overlord x2  
  42  3:53  Queen  
  43  3:57  Drone  
  43  3:58  Drone x5  
  49  4:02  Overlord  
  49  4:12  Spore Crawler  
  45  4:45  Drone  
  45  4:46  Drone x12  
  45  4:51  Evolution Chamber  
  56  4:53  Evolution Chamber  
  56  4:54  Roach Warren  
  54  5:01  Overlord x2  
  54  5:04  Drone x4  
  58  5:08  Extractor  
  58  5:10  Extractor  
  56  5:25  Drone  
  56  5:26  Drone x3  
  56  5:27  Drone  
  56  5:28  Drone x2  
  63  5:29  Zerg Ground Armor Level 1, Zerg Missile Weapons Level 1  
  63  5:32  Drone x3  
  63  5:35  Extractor x2  
  64  5:41  Lair  
  64  5:48  Queen  
  64  5:49  Queen  
  68  5:55  Drone x3  
  68  5:56  Drone x3  
  74  6:01  Roach  
  74  6:02  Roach x3  
  82  6:05  Overlord x2  
  82  6:06  Overlord x3  
  82  6:15  Overlord x3  
  82  6:26  Roach x4  
  82  6:27  Roach x3  
  95  6:45  Glial Reconstitution  
  95  6:49  Hydralisk Den  
  94  7:02  Drone  
  94  7:06  Drone  
  96  7:12  Roach x5  
  96  7:13  Roach x8  
  96  7:14  Roach x2  
  126  7:16  Overlord  
  126  7:35  Hatchery  
  125  7:40  Zerg Missile Weapons Level 2, Zerg Ground Armor Level 2  
  125  7:42  Muscular Augments  
  125  7:43  Hydralisk x4  
  125  7:44  Hydralisk x4  
  131  7:46  Overlord  
  131  7:51  Extractor  
  139  8:19  Roach x3, Hatchery  
  148  8:20  Roach x3  
  148  8:21  Roach x3  
  148  8:24  Overlord x7  
  148  8:25  Overlord x2  
  156  8:28  Overseer x5  
  156  8:37  Queen  
  158  8:44  Drone  
  158  8:45  Drone x4  
  163  8:58  Hydralisk x6  
  163  8:59  Hydralisk x2  
  179  9:32  Queen  
  179  9:34  Roach x7  
  179  9:35  Roach x2  
  151  10:04  Roach  
  151  10:05  Roach x23  
  157  10:24  Roach x7  
  171  10:31  Hydralisk x4  
  179  10:43  Zergling x10  
  179  10:49  Overseer x2  
  184  10:51  Overseer  
  184  10:55  Zergling x2  
  184  10:56  Zergling x30  
  184  10:57  Zergling x4  
  189  11:22  Roach, Zergling x2  
  189  11:23  Zergling x16  
  200  11:51  Infestation Pit, Hatchery  
  198  11:56  Queen  
  198  12:01  Hatchery  
  165  12:13  Zergling x2  
  165  12:14  Zergling x28  
  165  12:15  Zergling x26  
  97  12:30  Zergling x2  
  97  12:31  Zergling x14  
  102  13:02  Roach x4  
  102  13:03  Roach x16  
  117  13:19  Roach x3  
  119  13:20  Roach x4, Hydralisk x3  
  129  13:33  Hive  
  129  13:36  Spire  
  129  13:41  Queen  
  130  13:42  Queen  
  130  13:44  Roach  
  130  13:45  Roach x3  
  134  13:53  Zergling x12  
  142  14:20  Drone x10  
  142  14:21  Drone x5  
  153  14:51  Extractor, Corruptor  
  153  14:52  Extractor, Corruptor x5  
  161  14:58  Extractor  
  161  14:59  Extractor  
  149  15:28  Corruptor x4  
  144  15:29  Corruptor  
  144  15:30  Zergling x16  
  144  15:31  Zergling x6  
  162  15:55  Roach, Hydralisk  
  162  15:56  Roach x2, Hydralisk x6  
  182  15:59  Zergling x2  
  182  16:00  Zergling x2  
  182  16:01  Zergling x2  
  171  16:27  Zergling x4  
  171  16:28  Zergling x20  
  174  16:33  Overlord x2  
Show
View Real Time Build Order
Export as new Build Order

Digitalhelix Protoss - Winner!

Build Orders: 1 Gate Expand, Oracle Opening 

Get SALT Encoding   

  12  0:01  Probe  
  13  0:13  Probe  
  14  0:23  Pylon  
  14  0:27  Probe  
  15  0:38  Probe  
  16  0:45  Gateway  
  16  0:46  Probe  
  16  0:53  Assimilator  
  16  0:55  Probe  
  18  1:07  Probe  
  19  1:29  Probe, Nexus  
  20  1:38  Cybernetics Core  
  20  1:41  Probe  
  21  1:50  Pylon  
  21  1:56  Probe  
  22  2:04  Stalker  
  22  2:05  Probe  
  22  2:09  Assimilator  
  25  2:17  Probe  
  26  2:33  Gateway  
  26  2:39  Stargate  
  26  2:42  Probe  
  26  2:45  Probe  
  26  2:50  Probe  
  29  3:03  Gateway  
  29  3:05  Gateway  
  29  3:08  Pylon, Probe x2  
  29  3:10  Warp Gate  
  31  3:21  Probe  
  31  3:22  Probe  
  31  3:25  Oracle  
  37  3:34  Probe x2  
  38  3:42  Adept  
  38  3:43  Adept  
  38  3:45  Probe x2  
  44  3:53  Probe x2  
  46  4:02  Phoenix  
  46  4:03  Probe x2  
  50  4:10  Assimilator  
  50  4:12  Assimilator  
  50  4:22  Probe x2  
  52  4:45  Probe x2  
  54  4:52  Twilight Council  
  54  4:55  Pylon, Nexus  
  54  4:57  Assimilator  
  54  5:02  Assimilator  
  54  5:05  Pylon, Forge  
  54  5:08  Pylon, Forge  
  54  5:09  Pylon  
  54  5:10  Pylon  
  54  5:17  Probe x2  
  54  5:19  Protoss Ground Weapons Level 1  
  56  5:25  Protoss Shields Level 1  
  56  5:33  Templar Archives  
  56  5:36  Pylon  
  56  5:46  Robotics Facility  
  56  5:47  Probe x2  
  56  5:48  Robotics Facility  
  58  5:51  Zealot x2  
  58  5:53  Sentry  
  64  6:00  Psionic Storm  
  64  6:06  Charge  
  64  6:17  Probe x3  
  67  6:27  Gateway  
  67  6:29  Gateway  
  67  6:30  Gateway  
  67  6:39  Probe x3  
  67  6:41  High Templar  
  67  6:42  High Templar  
  71  6:51  Gateway  
  71  6:52  Pylon  
  71  6:55  Pylon  
  71  6:56  Probe  
  71  7:01  Probe x2  
  74  7:04  Probe  
  74  7:10  Protoss Ground Weapons Level 2  
  74  7:11  Protoss Shields Level 2  
  74  7:13  Zealot, Probe x2  
  74  7:14  Zealot  
  81  7:19  Immortal, Observer  
  86  7:32  Zealot x5  
  96  7:37  Pylon  
  96  7:40  Pylon  
  96  7:41  Shield Battery  
  96  7:50  Probe  
  96  7:51  Probe x2  
  99  7:57  Nexus  
  99  7:59  High Templar x2  
  99  8:04  Immortal  
  105  8:06  Immortal  
  105  8:11  Probe x3  
  112  8:16  Pylon  
  112  8:21  High Templar  
  114  8:34  Immortal  
  114  8:35  Immortal  
  114  8:40  Gateway x2  
  122  9:10  Assimilator  
  122  9:12  Assimilator  
  122  9:13  Immortal, High Templar x3  
  136  9:17  Immortal  
  136  9:22  High Templar  
  136  9:23  Zealot  
  136  9:24  Zealot x3  
  144  9:25  Protoss Ground Weapons Level 3  
  120  9:59  Zealot  
  122  10:00  Zealot x6  
  122  10:01  Zealot x3  
  122  10:04  Immortal  
  122  10:05  Immortal  
  138  10:26  Archon  
  138  10:27  Archon  
  138  10:29  Archon  
  138  10:44  Robotics Facility  
  136  11:00  Immortal  
  136  11:01  Immortal  
  110  11:17  High Templar x7  
  124  11:19  Zealot x2  
  128  11:27  Robotics Facility  
  128  11:41  Protoss Shields Level 3  
  128  11:50  Zealot x4  
  128  11:51  Zealot x5  
  128  11:52  Zealot  
  131  12:12  Archon x3  
  131  12:13  Archon  
  113  12:23  High Templar x6  
  113  12:24  High Templar  
  113  12:27  Immortal, Warp Prism  
  113  12:28  Warp Prism  
  135  12:58  Zealot x5  
  135  12:59  Zealot x5  
  133  13:09  Probe x2  
  133  13:10  Probe  
  134  13:24  High Templar x5  
  144  13:32  Zealot x2  
  144  13:33  Zealot x3  
  154  13:49  Immortal  
  154  13:50  Immortal x3  
  154  13:53  Probe x3  
  157  13:58  Probe  
  157  13:59  Protoss Ground Armor Level 1  
  164  14:26  Zealot x2  
  164  14:27  Zealot x2  
  172  14:37  Pylon  
  172  14:39  Pylon  
  172  14:41  Pylon  
  170  14:49  Pylon  
  170  14:51  Pylon  
  164  15:03  Zealot x5  
  164  15:04  Zealot x2  
  164  15:05  Zealot x3  
  184  15:13  Probe x3  
  187  15:32  Zealot x6  
  187  15:33  Zealot x4  
  187  15:54  Zealot x7  
  197  16:37  Stargate x2  
  197  16:39  Stargate  
  177  16:57  Nexus  
Tags
 
Add a new tag
Caveats
  • Supply blocks, unpowered buildings, or Contaminate may cause inaccurate times.
  • Supply counts are checked every 10 seconds.